 Dungeon Crawl Stone Soup version 0.21.0 (webtiles) character file.

1136 Jynx the Changer (level 8, 0/59 HPs)
             Began as a Yellow Draconian Transmuter on Jan 7, 2018.
             Was an Initiate of Okawaru.
             Slain by a two-headed ogre
             ... wielding a +0 giant club
              (30 damage)
             ... on level 6 of the Dungeon.
             The game lasted 00:17:35 (6236 turns).

Jynx the Changer (Yellow Draconian Transmuter)      Turns: 6236, Time: 00:17:36

Health: 0/59       AC:  2    Str: 13    XL:     8   Next: 14%
Magic:  13/15      EV: 25    Int: 13    God:    Okawaru [......]
Gold:   339        SH:  0    Dex: 19    Spells: 2/17 levels left

rFire    + . .     SeeInvis .     - Unarmed
rCold    . . .     Gourm    .   (shield currently unavailable)
rNeg     . . .     Faith    .   (armour unavailable)
rPois    x         Spirit   .   (helmet currently unavailable)
rElec    .         Reflect  .   (cloak currently unavailable)
rCorr    .         Harm     .   (gloves currently unavailable)
MR       .....                  (boots currently unavailable)
Stlth    ++........             (no amulet)
HPRegen  0.19/turn              e - +5 ring of evasion
MPRegen  0.14/turn              v - ring of protection from fire

@: spider-form
A: tiny, (spit acid), (acid resistance), unfitting armour, AC +6
a: End Transformation, Renounce Religion


You were on level 6 of the Dungeon.
You worshipped Okawaru.
Okawaru was noncommittal.
You were hungry.
You were a venomous arachnid creature.
You visited 2 branches of the dungeon, and saw 7 of its levels.

You collected 339 gold pieces.

Inventory:

Missiles
 a - 51 arrows
Jewellery
 e - a +5 ring of evasion (left front leg)
 j - an uncursed ring of fire
 k - an uncursed ring of protection from cold
 v - a ring of protection from fire (right front leg)
Wands
 q - a wand of iceblast (6)
Scrolls
 d - 2 scrolls of remove curse
 r - a scroll of magic mapping
 t - a scroll of teleportation
Potions
 f - 5 potions of curing
 g - a potion of brilliance {unknown}
 h - a potion of mutation
 i - 2 potions of lignification
 l - a potion of heal wounds {unknown}
 m - a potion of might {unknown}
 o - a potion of resistance {unknown}
 p - a potion of flight {unknown}
 s - a potion of degeneration {unknown}
 u - a potion of magic {unknown}
Books
 b - a book of Changes

   Spells                             Type                      Level
   a - Beastly Appendage              Transmutation                1
   b - Sticks to Snakes               Transmutation                2
   c - Spider Form                    Transmutation/Poison         3
   d - Ice Form                       Ice/Transmutation            4
   e - Blade Hands                    Transmutation                5
Comestibles
 c - 14 rations


   Skills:
 - Level 1.1 Fighting
 + Level 2.3 Dodging
 - Level 3.0 Unarmed Combat
 + Level 5.2 Spellcasting
 * Level 7.9 Transmutations
 + Level 1.2 Ice Magic


You had 2 spell levels left.
You knew the following spells:

 Your Spells              Type           Power        Failure   Level  Hunger
a - Beastly Appendage     Tmut           ###...       4%          1    None
b - Sticks to Snakes      Tmut           ###.....     5%          2    ##.....
c - Spider Form           Tmut/Pois      ##........   26%         3    ###....
d - Blade Hands           Tmut           ###.......   38%         5    ######.
e - Ice Form              Ice/Tmut       ###.....     47%         4    ####...


Dungeon Overview and Level Annotations

Branches:
Dungeon (6/15)             Temple (1/1) D:6

Altars:
Ashenzari
Cheibriados
Fedhas
Gozag
Kikubaaqudgha
Makhleb
Nemelex Xobeh
Okawaru
Qazlal
Ru
Sif Muna
Trog
Uskayaw
Vehumet
Xom
Yredelemnul
Zin
The Shining One


Innate Abilities, Weirdness & Mutations

((You can spit globs of acid.))
((You are resistant to acid.))
((Your golden yellow scales are hard. (AC +6)))
You cannot fit into any form of body armour.
((You are cold-blooded and may be slowed by cold attacks.))


Message History

You hit the two-headed ogre but do no damage.
The two-headed ogre looks as sick as possible!
The two-headed ogre is lightly wounded.
You barely miss the two-headed ogre.
The two-headed ogre is moderately wounded.
The two-headed ogre completely misses you.
The two-headed ogre misses you.
You hit the two-headed ogre.
The two-headed ogre is moderately wounded.
The two-headed ogre hits you with a giant club!!
The two-headed ogre misses you.
You hit the two-headed ogre but do no damage.
The two-headed ogre looks as sick as possible!
The two-headed ogre is moderately wounded.
You hit the two-headed ogre but do no damage.
The two-headed ogre looks as sick as possible!
The two-headed ogre is moderately wounded.
The two-headed ogre hits you with a giant club!!
Ouch! That really hurt!
You die...

.#. .. #.# ..# ...##.
#.####..#
...#.##.......#
#...........######
.+##.⌠#...#............
......#........#.#...#
.....# #....#.#.#..#.#
.....# #.#.#.#.#.#....
._...+ #.#..#Os.#..#
.....# #O#.#.#.#.#.#
.....#####.#..#.#.#....#
...............#.#...###
#+...⌠#...#............
...####.....########....
.........)<....### #..#
...#............... ..#
.+##...........###.


You could see a two-headed ogre.

Vanquished Creatures
  Grinder (D:3)
  A sky beast (D:5)
  A phantom (D:5)
  A bullfrog (D:6)
  A crimson imp (D:6)
  A quasit (D:6)
  2 hounds
  An orc priest (D:3)
  A centaur skeleton (D:5)
  Natasha (thrice) (D:3)
  2 orc wizards
  An iguana (D:5)
  Terence (D:3)
  3 worker ants (D:4)
  A killer bee zombie (D:6)
  A hound skeleton (D:5)
  7 gnolls
  A howler monkey skeleton (D:5)
  8 adders
  A shadow imp (D:5)
  3 oozes
  An adder zombie (D:5)
  3 worms
  2 dart slugs
  A leopard gecko (D:3)
  13 orcs
  3 giant cockroaches
  9 goblins
  3 hobgoblins
  4 jackals (D:5)
  3 quokkas
  3 ball pythons (D:1)
  6 bats
  6 frilled lizards
  7 kobolds
  A leopard gecko skeleton (D:4)
  8 rats
115 creatures vanquished.

Notes
Turn   | Place    | Note
-------+----------+-------------------------------------------
     0 | D:1      | Jynx the Draconian Transmuter began the quest for the Orb.
     0 | D:1      | Reached XP level 1. HP: 16/16 MP: 3/3
   175 | D:1      | Reached XP level 2. HP: 15/23 MP: 3/5
   356 | D:1      | Found a sacrificial altar of Ru.
   360 | D:1      | Found a stormy altar of Qazlal.
   360 | D:1      | Found a bloodstained altar of Trog.
   363 | D:1      | Found a sparkling altar of Nemelex Xobeh.
   363 | D:1      | Found a shimmering altar of Xom.
   363 | D:1      | Found a burning altar of Makhleb.
   589 | D:1      | Reached skill level 3 in Transmutations
  1014 | D:2      | Reached XP level 3. HP: 24/28 MP: 4/6
  1373 | D:1      | Learned a level 2 spell: Sticks to Snakes
  1377 | D:1      | Learned a level 3 spell: Spider Form
  1385 | D:2      | Reached XP level 4. HP: 29/35 MP: 0/8
  1591 | D:2      | Found a snail-covered altar of Cheibriados.
  1600 | D:2      | Reached skill level 4 in Transmutations
  1892 | D:3      | Noticed Grinder
  1901 | D:3      | Paralysed by Grinder for 2 turns
  1908 | D:3      | Paralysed by Grinder for 4 turns
  1917 | D:3      | Killed Grinder
  1917 | D:3      | Reached skill level 5 in Transmutations
  1917 | D:3      | Reached XP level 5. HP: 24/40 MP: 1/10
  1925 | D:2      | Reached XP level 6. HP: 28/47 MP: 0/11
  2203 | D:3      | Noticed Terence
  2215 | D:3      | Killed Terence
  2467 | D:3      | Learned a level 5 spell: Blade Hands
  2980 | D:3      | Reached skill level 6 in Transmutations
  3192 | D:3      | Found an opulent altar of Gozag.
  3230 | D:3      | Noticed Natasha
  3242 | D:3      | Killed Natasha
  3342 | D:3      | Noticed Natasha
  3346 | D:3      | Killed Natasha
  3431 | D:3      | Noticed Natasha
  3439 | D:3      | Killed Natasha
  3481 | D:4      | Your scales start taking on a golden yellow colour.
  3481 | D:4      | Reached XP level 7. HP: 33/52 MP: 8/13
  4041 | D:4      | You fall through a shaft for 2 floors!
  4042 | D:6      | Found a shattered altar of Ashenzari.
  4194 | D:6      | Found a staircase to the Ecumenical Temple.
  4227 | D:6      | Reached skill level 7 in Transmutations
  4243 | Temple   | Entered the Ecumenical Temple
  4299 | Temple   | Became a worshipper of Warmaster Okawaru
  4438 | D:5      | Entered Level 5 of the Dungeon
  4791 | D:5      | Reached skill level 5 in Spellcasting
  4898 | D:5      | Learned a level 4 spell: Ice Form
  4993 | D:5      | Reached XP level 8. HP: 56/59 MP: 15/15
  5044 | D:5      | Found a snail-covered altar of Cheibriados.
  5643 | D:6      | Reached skill level 1 in Ice Magic
  5676 | D:6      | Noticed a two-headed ogre
  6236 | D:6      | Slain by a two-headed ogre

Skill      XL: |  1  2  3  4  5  6  7  8 |
---------------+-------------------------+-----
Transmutations | 3 5 6 7 |  7.9
Spellcasting   | 3 4 5 |  5.2
Dodging        | 2 |  2.3
Ice Magic      | 1 |  1.2
Fighting       | |  1.1
Unarmed Combat | |  3.0

Action                   |  1- 3 |  4- 6 |  7- 9 || total
-------------------------+-------+-------+-------++-------
Melee: Unarmed           |   104 |   179 |   211 ||   494
       Kick              |    11 |     6 |    30 ||    47
       Headbutt          |     5 |     2 |     4 ||    11
       Tailslap          |     4 |    12 |    22 ||    38
       Punch             |     1 |       |     3 ||     4
 Cast: Beastly Appendage |    22 |    17 |    19 ||    58
       Spider Form       |     1 |    14 |     3 ||    18
       Sticks to Snakes  |       |     4 |       ||     4
       Blade Hands       |       |       |     8 ||     8
  Use: Scroll            |     2 |     6 |     1 ||     9
 Stab: Distracted        |     1 |       |       ||     1
       Sleeping          |       |     2 |       ||     2
  Eat: Chunk             |     2 |     9 |     8 ||    19
       Ration            |       |       |     1 ||     1
Armor: Skin              |    24 |    23 |    37 ||    84
Dodge: Dodged            |    86 |   110 |   168 ||   364
